 Dungeon Crawl Stone Soup version 0.22-a0-433-gd2a9cce (webtiles) character file.

8895 MisterFreud the Spear-Bearer (level 11, -10/135 HPs)
             Began as a Merfolk Gladiator on May 28, 2018.
             Was an Elder of Cheibriados.
             Mangled by a two-headed ogre
             ... wielding a +0 giant spiked club
              (13 damage)
             ... on level 10 of the Dungeon.
             The game lasted 00:22:00 (10415 turns).

MisterFreud the Spear-Bearer (Merfolk Gladiator)   Turns: 10415, Time: 00:22:01

Health: -10/135    AC: 25    Str: 23    XL:     11   Next: 38%
Magic:  11/17      EV:  2    Int: 21    God:    Cheibriados [****..]
Gold:   503        SH:  0    Dex: 28    Spells: 10/10 levels left

rFire    . . .     SeeInvis .   a - +1 trident
rCold    . . .     Gourm    .   (no shield)
rNeg     + + +     Faith    .   (armour currently unavailable)
rPois    +         Spirit   .   (helmet currently unavailable)
rElec    .         Reflect  .   (cloak currently unavailable)
rCorr    .         Harm     .   (gloves currently unavailable)
MR       .....     NoTele   +   (boots currently unavailable)
Stlth    ++........             w - amulet of regeneration
HPRegen  0.72/turn              k - ring of poison resistance
MPRegen  0.15/turn              u - +4 ring of dexterity

@: tree-form, very slow
A: (change form in water), (swift swim), (stealthy swim)
a: Bend Time, Temporal Distortion, Slouch, Renounce Religion


You were on level 10 of the Dungeon.
You worshipped Cheibriados.
Cheibriados was greatly pleased with you.
You were hungry.
You were a tree.
You visited 2 branches of the dungeon, and saw 11 of its levels.
You also visited: Sewer.

You collected 503 gold pieces.

Inventory:

Hand Weapons
 a - a +1 trident (weapon)
 p - a +1 vampiric spear
Missiles
 d - 7 throwing nets (quivered)
 g - 291 stones
 v - 11 tomahawks
Armour
 b - a +0 leather armour (melded)
 c - a +0 helmet (melded)
 B - a +0 cloak
 G - a scarf of cloud immunity (melded)
Jewellery
 k - a ring of poison resistance (left branch)
 q - a +2 amulet of reflection
 t - an uncursed ring of fire
 u - a +4 ring of dexterity (right branch)
 w - an amulet of regeneration (around neck)
Wands
 n - a wand of digging (17)
 y - a wand of iceblast (19)
 z - a wand of acid (21)
 A - a wand of enslavement (9)
 O - a wand of paralysis (16)
Scrolls
 e - a scroll of enchant armour {unknown}
 h - a scroll of enchant weapon
 l - 4 scrolls of remove curse
 s - 7 scrolls of teleportation
 C - a scroll of blinking
 D - 2 scrolls of magic mapping {unknown}
 F - a scroll of fear {unknown}
 H - a scroll of brand weapon {unknown}
 I - a scroll of fog
 K - 2 scrolls of amnesia
Potions
 i - a potion of agility
 m - a potion of cancellation
 o - 4 potions of curing
 r - a potion of flight {unknown}
 x - a potion of brilliance
 J - a potion of resistance
 L - a potion of mutation {unknown}
 M - 2 potions of ambrosia
Comestibles
 f - 9 rations
 N - a chunk of flesh


   Skills:
 - Level 10.0 Fighting
 - Level 14.2 Polearms
 - Level 2.0 Throwing
 + Level 11.3 Dodging
 - Level 8.2 Invocations


You had 10 spell levels left.
You didn't know any spells.
Your spell library contained the following spells:

 Spells                   Type           Power        Failure   Level  Hunger
 Confuse                  Hex            #.......     47%         3    ####...
 Tukima's Dance           Hex            #.......     47%         3    ####...
 Stone Arrow              Conj/Erth      #.....       47%         3    ####...
 Confusing Touch          Hex            #.....       19%         1    ##.....
 Passwall                 Tmut/Erth      #.......     26%         2    ###....
 Ensorcelled Hibernation  Hex/Ice        #.....       26%         2    ###....
 Metabolic Englaciation   Hex/Ice        #.........   99%         5    ######.
 Corona                   Hex            #......      19%         1    ##.....
 Lee's Rapid Deconstruct  Erth           #.........   99%         5    ######.
 Sandblast                Erth           #.....       19%         1    ##.....
 Petrify                  Tmut/Erth      #.......     87%         4    #####..
 Dazzling Spray           Conj/Hex       #.....       47%         3    ####...
 Gell's Gravitas          Tloc           #.........   47%         3    ####...
 Yara's Violent Unravell  Hex/Tmut       #.........   99%         5    ######.


Dungeon Overview and Level Annotations

Branches:
Dungeon (10/15)            Temple (1/1) D:6
   Lair: D:8-11         Orc: D:9-12

Altars:
Ashenzari
Cheibriados
Gozag
Kikubaaqudgha
Qazlal
Sif Muna
Trog
Vehumet
Xom
Yredelemnul
Zin

Shops:
D:7 (   D:8 [


Message History

You kill the wolf!
Cheibriados thoroughly appreciates the change of pace.
You feel somewhat more hungry.
Cheibriados lowers the support of your attributes as your movement quickens.
The two-headed ogre hits you with a giant spiked club!
* * * LOW HITPOINT WARNING * * *
The two-headed ogre hits you but does no damage.
Okay, then.
You feel better.
The two-headed ogre hits you but does no damage.
The two-headed ogre hits you with a giant club!
* * * LOW HITPOINT WARNING * * *
You hit the two-headed ogre but do no damage.
The two-headed ogre is moderately wounded.
You hit the two-headed ogre but do no damage.
The two-headed ogre is moderately wounded.
The two-headed ogre hits you with a giant spiked club.
* * * LOW HITPOINT WARNING * * *
The two-headed ogre hits you with a giant club!
You die...

#.### #...#### ##.###.##
######...)...#
#...........(# .
###.####.......#### ..
#.................####...
#..[...#.................
#......#.<)♣)...[).......
#.........).O..)[[[......
#....>#####)#####[####..F
####### #.# #.# #.. ..#
..## ##. ### h ≈§ §≈


You could see a two-headed ogre.

Vanquished Creatures
  2 two-headed ogres
  Urug (D:10)
  Maurice (D:9)
  2 hippogriffs (D:8)
  8 yaks (D:9)
  3 hungry ghosts
  A hell hound (D:10)
  An ice beast (D:6)
  An orc warrior (D:9)
  3 phantoms (D:4)
  3 sky beasts
  3 necrophages
  2 black bears
  4 ogres
  3 wolves (D:10)
  4 centaurs
  5 bullfrogs
  3 scorpions
  13 wights
  3 crimson imps
  5 howler monkeys
  A quasit (D:9)
  2 centaur zombies
  A bullfrog zombie (D:9)
  2 hounds
  2 jellies
  4 orc priests
  6 orc wizards
  2 bullfrog skeletons
  An iguana (D:8)
  6 worker ants
  A killer bee zombie (D:8)
  A hound zombie (D:5)
  8 gnolls
  A howler monkey skeleton (D:4)
  17 adders
  2 shadow imps
  12 oozes
  3 adder zombies
  7 worms
  2 dart slugs
  15 leopard geckos
  27 orcs
  9 bats
  13 giant cockroaches
  12 goblins
  7 hobgoblins
  16 jackals
  8 kobolds
  5 quokkas
  7 ball pythons (Sewer)
  11 frilled lizards
  A leopard gecko skeleton (D:8)
  A leopard gecko zombie (D:6)
  A quokka skeleton (D:5)
  16 rats
  A spectral orc (D:5)
302 creatures vanquished.

Vanquished Creatures (others)
  An orc wizard (D:10)
1 creature vanquished.

Grand Total: 303 creatures vanquished

Notes
Turn   | Place    | Note
-------+----------+-------------------------------------------
     0 | D:1      | MisterFreud the Merfolk Gladiator began the quest for the Orb.
     0 | D:1      | Reached XP level 1. HP: 16/16 MP: 1/1
   185 | D:1      | Reached skill level 5 in Polearms
   185 | D:1      | Reached XP level 2. HP: 12/22 MP: 2/2
   452 | D:1      | Reached skill level 6 in Polearms
   452 | D:1      | Reached XP level 3. HP: 27/27 MP: 3/3
  1535 | D:2      | Reached XP level 4. HP: 33/33 MP: 4/4
  1689 | D:2      | Reached skill level 7 in Polearms
  2144 | D:2      | Reached skill level 8 in Polearms
  2144 | D:2      | Reached XP level 5. HP: 38/38 MP: 5/5
  3629 | D:3      | Reached skill level 9 in Polearms
  3815 | D:3      | Reached XP level 6. HP: 29/44 MP: 6/6
  4097 | D:4      | Reached skill level 10 in Polearms
  4161 | D:4      | Noticed a phantom
  4169 | D:4      | Killed a phantom
  4241 | D:4      | Reached XP level 7. HP: 34/50 MP: 7/7
  4418 | D:4      | Found a bloodstained altar of Trog.
  4428 | D:4      | Reached skill level 11 in Polearms
  4741 | D:4      | Reached skill level 12 in Polearms
  5035 | D:4      | Reached XP level 8. HP: 51/56 MP: 8/8
  5247 | D:4      | Found a deep blue altar of Sif Muna.
  5247 | D:4      | Found a shimmering altar of Xom.
  5380 | D:5      | Entered Level 5 of the Dungeon
  5650 | D:5      | Found a basalt altar of Yredelemnul.
  5801 | D:5      | Reached skill level 13 in Polearms
  6229 | D:6      | Reached skill level 14 in Polearms
  6244 | D:6      | Found a staircase to the Ecumenical Temple.
  6253 | Temple   | Entered the Ecumenical Temple
  6308 | Temple   | Became a worshipper of Cheibriados the Contemplative
  6401 | D:6      | Reached skill level 5 in Dodging
  6462 | D:6      | Found a glowing drain.
  6506 | Sewer    | Entered a sewer
  6577 | Sewer    | Reached * piety under Cheibriados
  6767 | Sewer    | Reached XP level 9. HP: 61/61 MP: 9/9
  6776 | Sewer    | Reached ** piety under Cheibriados
  7415 | D:7      | Found a radiant altar of Vehumet.
  7462 | D:7      | Reached *** piety under Cheibriados
  7471 | D:7      | Reached skill level 10 in Dodging
  7564 | D:7      | Found a glowing silver altar of Zin.
  8001 | D:7      | Reached skill level 5 in Fighting
  8023 | D:7      | Found an opulent altar of Gozag.
  8046 | D:7      | Found Tenenioh's Weapon Shop.
  8351 | D:8      | Reached XP level 10. HP: 77/79 MP: 10/10
  8379 | D:8      | Found Tosiceur's Antique Armour Emporium.
  8459 | D:8      | Found a stormy altar of Qazlal.
  8474 | D:8      | Noticed a two-headed ogre
  8488 | D:8      | Killed a two-headed ogre
  8667 | D:8      | Reached **** piety under Cheibriados
  9160 | D:9      | Reached skill level 10 in Fighting
  9172 | D:10     | Entered Level 10 of the Dungeon
  9172 | D:10     | Noticed a two-headed ogre
  9291 | D:9      | Reached skill level 1 in Invocations
  9557 | D:9      | Reached skill level 5 in Invocations
  9835 | D:9      | Noticed Maurice
  9864 | D:9      | Killed Maurice
  9940 | D:9      | Reached XP level 11. HP: 90/90 MP: 14/16
  9942 | D:9      | Reached ***** piety under Cheibriados
 10116 | D:10     | Killed a two-headed ogre
 10255 | D:10     | Noticed Urug
 10399 | D:10     | Noticed a two-headed ogre
 10412 | D:10     | Killed Urug
 10413 | D:10     | HP: 3/135 [two-headed ogre/giant spiked club (13)]
 10415 | D:10     | Mangled by a two-headed ogre

Vault maps used:
D:1:      erik_arrival_orb_chamber
D:2:      cheibrodos_helix_gallery, first_ration, minmay_cupped
D:4:      gammafunk_temple_overflow_elements, hangedman_abyss_or_decor_stagger,
          bloody_trog
D:5:      yredelemnul_forgotten_temple_becter
D:6:      minmay_temple_entry_overgrown, cheibrodos_sewer_entry_sluice,
          minmay_misc_feat_columns
D:7:      nicolae_gozag_cash_rules_everything_around_me, lemuel_round_altar,
          serial_undead, serial_undead_e, serial_undead_d, serial_undead_f,
          serial_undead_d, serial_shops, shop, basic_altar, dk_rats_in_the_wall
D:8:      overflow_temple_1_default, serial_shops, nicolae_shop_waterfront
D:9:      nicolae_overflow_hidden_temple, uniq_maurice
D:10:     minmay_lair_entry_lava, david_orc_1_choice, uniq_harold, uniq_urug,
          uniq_grum
Temple:   regret_index_temple_generic_petals
Sewer:    sewer_frog_island_02

Skill      XL: |  1  2  3  4  5  6  7  8  9 10 11 |
---------------+----------------------------------+-----
Polearms       | 5 6 8 9 10 12 14 | 14.2
Dodging        | 7 10 11 | 11.3
Fighting       | 7 10 | 10.0
Invocations    | 6 8 |  8.2
Throwing       | |  2.0

Action                   |  1- 3 |  4- 6 |  7- 9 | 10-12 || total
-------------------------+-------+-------+-------+-------++-------
Melee: Trident           |   103 |   281 |   574 |   368 ||  1326
       Tailslap          |       |       |    16 |       ||    16
Invok: Slouch            |       |       |       |     3 ||     3
       Temporal Distorti |       |       |       |     1 ||     1
  Use: Scroll            |       |       |    16 |     2 ||    18
       Potion            |       |       |       |     4 ||     4
 Stab: Sleeping          |     3 |     2 |     7 |     2 ||    14
       Distracted        |       |       |     2 |     1 ||     3
  Eat: Chunk             |     1 |    10 |    11 |     6 ||    28
Armor: Leather armour    |    22 |    45 |    35 |    16 ||   118
       Skin              |       |       |       |     9 ||     9
Dodge: Dodged            |    58 |   142 |   255 |   233 ||   688
Block: Other             |       |     8 |     8 |       ||    16

Table legend:
 A = Spawn XP
 B = Non-spawn XP
 C = Spawn XP percentage of total XP
 D = Spawn monster count
 E = Non-spawn monster count
 F = Spawn count percentage of total count
 G = Total turns spent on level
                    A         B        C        D         E        F      G
               +---------+---------+-------+---------+---------+-------+---------
         Total |       0 |   12708 |   0.0 |       0 |     303 |   0.0 | 10415
               +---------+---------+-------+---------+---------+-------+---------
           D:1 |       0 |     108 |   0.0 |       0 |      39 |   0.0 |  1451
           D:2 |       0 |      93 |   0.0 |       0 |      23 |   0.0 |  1420
           D:3 |       0 |     189 |   0.0 |       0 |      28 |   0.0 |  1206
           D:4 |       0 |     814 |   0.0 |       0 |      25 |   0.0 |  1303
           D:5 |       0 |     440 |   0.0 |       0 |      12 |   0.0 |   767
           D:6 |       0 |    1078 |   0.0 |       0 |      26 |   0.0 |   799
           D:7 |       0 |     785 |   0.0 |       0 |      17 |   0.0 |   896
           D:8 |       0 |    2732 |   0.0 |       0 |      20 |   0.0 |   819
           D:9 |       0 |    3137 |   0.0 |       0 |      35 |   0.0 |  1019
          D:10 |       0 |    2889 |   0.0 |       0 |      24 |   0.0 |   300
        Temple |       0 |     116 |   0.0 |       0 |       2 |   0.0 |   100
         Sewer |       0 |     327 |   0.0 |       0 |      52 |   0.0 |   335
               +---------+---------+-------+---------+---------+-------+---------
